cohdb
Replays
Latest Replays
All Replays
Popular Replays
Top Player Replays
Match Explorer
How It Works
Community
CoH3 Stats
Reddit
Sign in to upload your games and track your stats! →
Sign in with Steam
Match 39220733
Unlisted
Match 39220733
Overview
Messages
Build Orders
End
Construct Infanterie Kompanie
Grenadier Squad
MG 42 Machine Gun Team
Grenadier Squad
Construct Luftwaffe Kompanie
Jäger Squad
Medical Bunker
Support Elements
Selects Breakthrough Battlegroup
Selects Rapid Production
Wirbelwind Flakpanzer
Jäger Squad
Luftwaffe Officer Quarters
Selects Blitzkrieg
Marder III M Tank Destroyer
Selects Assault Grenadiers
Selects Smoke Bombing Run
Marder III M Tank Destroyer
Wirbelwind Flakpanzer
Jäger Squad
Selects Incendiary Bombing Run
Incendiary Bombing Run
Wirbelwind Flakpanzer
Incendiary Bombing Run
Marder III M Tank Destroyer
Incendiary Bombing Run
Jäger Squad
MG 42 Machine Gun Team
Incendiary Bombing Run
Selects Tiger Heavy Tank
Tiger Heavy Tank
Incendiary Bombing Run
Incendiary Bombing Run
Construct Panzer Kompanie
Marder III M Tank Destroyer
Marder III M Tank Destroyer
Jäger Squad
Incendiary Bombing Run
insane
Hawake
William Rhodes
Carius
[PD]Brink
General Feldsalat
[PD]Bimbi
[PD] DerSchonWieder
0
0
Comments
sign in to comment!
No comments posted yet!